[ AOE2 MATCH · #495837282 ]
UnrankedTeutons vs Khitans
Player's team · LOSS
Rival team · WIN
[ REPLAY ANALYSIS · EXTRACTED FROM THE RECORDED GAME ]
Feudal
9:54
Castle
15:53
Imperial
33:52
| APM avg | 22.4 |
| APM peak | 47 |
| eAPM avg | 15.9 |
| Villagers / military | 108 / 147 |
Focus
⚔️ 26.4% · 🌾 73.6%
Spearman ×136 · Mangonel ×5 · Knight ×2 · Bombard Cannon ×2 · Monk ×1 · Scout Cavalry ×1
Feudal
9:41
Castle
19:07
Imperial
35:52
| APM avg | 37.0 |
| APM peak | 87 |
| eAPM avg | 17.8 |
| Villagers / military | 100 / 120 |
Focus
⚔️ 34.4% · 🌾 65.6%
Steppe Lancer ×56 · Skirmisher ×33 · Scout Cavalry ×10 · Camel Scout ×9 · Trebuchet (Packed) ×6 · Monk ×4
Match map
Initial resources + every placement click. Lines = walls · curves = elevation contours. ◆ gold · ⬟ stone · ● berries · ✦ relic · ◌ wall gap
Your base· Open — 11t gap
Juan22Z's base· Open — 2t gap
Smoothed initial terrain · ◌ = detected wall gap · hover for details
Inputs per minute
— YAMATO - - Juan22Z
Build order — YAMATO
First 150 of 315 actions detected
| 0:16 | Build | Town Center |
| 0:19 | Build | House |
| 0:24 | Build | House |
| 1:22 | Queue | Villager (Male) |
| 1:23 | Queue | Villager (Male) |
| 1:23 | Queue | Villager (Male) |
| 1:52 | Queue | Villager (Male) |
| 2:06 | Research | Loom |
| 2:13 | Queue | Villager (Male) |
| 2:22 | Build | Lumber Camp |
| 2:41 | Queue | Villager (Male) |
| 3:20 | Queue | Villager (Male) |
| 3:44 | Queue | Villager (Male) |
| 4:48 | Queue | Villager (Male) |
| 4:53 | Build | Mill |
| 5:05 | Queue | Villager (Male) |
| 5:13 | Queue | Villager (Male) |
| 6:12 | Queue | Villager (Male) |
| 6:35 | Queue | Villager (Male) |
| 7:06 | Queue | Villager (Male) |
| 7:44 | Research | Feudal Age |
| 7:59 | Build | House |
| 8:28 | Queue | Villager (Male) |
| 8:55 | Build | Mining Camp |
| 9:54 | Age | Feudal Age |
| 9:57 | Queue | Villager (Male) |
| 10:10 | Build | Market |
| 10:14 | Build | Blacksmith |
| 10:18 | Build | House |
| 10:23 | Queue | Villager (Male) |
| 10:47 | Queue | Villager (Male) |
| 11:37 | Build | Barracks |
| 12:17 | Queue | Villager (Male) |
| 12:48 | Queue | Villager (Male) |
| 12:54 | Build | Farm |
| 13:01 | Queue | Spearman |
| 13:13 | Research | Castle Age |
| 13:31 | Build | Farm |
| 13:33 | Build | Farm |
| 13:52 | Queue | Spearman |
| 13:59 | Build | Farm |
| 14:01 | Build | Farm |
| 14:04 | Build | House |
| 14:14 | Queue | Spearman |
| 14:35 | Queue | Villager (Male) |
| 15:04 | Build | Farm |
| 15:06 | Build | Farm |
| 15:08 | Build | Farm |
| 15:44 | Research | Double-Bit Axe |
| 15:48 | Research | Horse Collar |
| 15:53 | Age | Castle Age |
| 16:01 | Queue | Spearman |
| 16:14 | Build | House |
| 16:26 | Queue | Spearman |
| 16:39 | Build | House |
| 16:46 | Queue | Villager (Male) |
| 16:47 | Queue | Spearman |
| 16:50 | Build | Farm |
| 17:12 | Queue | Villager (Male) |
| 17:38 | Queue | Villager (Male) |
| 17:46 | Queue | Villager (Male) |
| 17:47 | Build | Farm |
| 17:49 | Queue | Villager (Male) |
| 18:15 | Build | Town Center |
| 18:22 | Queue | Spearman |
| 18:36 | Queue | Villager (Male) |
| 18:55 | Queue | Villager (Male) |
| 19:15 | Queue | Spearman |
| 19:32 | Queue | Villager (Male) |
| 19:50 | Build | Castle |
| 19:57 | Queue | Spearman |
| 20:06 | Build | House |
| 20:10 | Build | House |
| 20:12 | Queue | Villager (Male) |
| 20:14 | Build | Farm |
| 20:15 | Build | Farm |
| 20:28 | Build | Farm |
| 20:30 | Build | Farm |
| 20:51 | Research | Squires |
| 21:05 | Queue | Villager (Male) |
| 21:11 | Queue | Villager (Male) |
| 21:27 | Build | Gate |
| 21:34 | Build | Stone Wall |
| 21:39 | Queue | Villager (Male) |
| 21:42 | Research | Town Watch |
| 21:47 | Build | Farm |
| 21:49 | Build | Farm |
| 21:51 | Build | Farm |
| 21:54 | Build | Farm |
| 21:59 | Build | Farm |
| 22:02 | Build | Farm |
| 22:06 | Build | Farm |
| 22:08 | Build | Farm |
| 22:12 | Queue | Villager (Male) |
| 22:14 | Queue | Villager (Male) |
| 22:27 | Build | Farm |
| 22:36 | Queue | Villager (Male) |
| 22:39 | Queue | Villager (Male) |
| 22:47 | Build | Lumber Camp |
| 22:56 | Queue | Villager (Male) |
| 22:57 | Queue | Villager (Male) |
| 23:12 | Queue | Spearman |
| 23:18 | Queue | Villager (Male) |
| 23:35 | Build | Farm |
| 23:37 | Build | Farm |
| 23:38 | Queue | Villager (Male) |
| 23:42 | Queue | Villager (Male) |
| 23:51 | Build | Lumber Camp |
| 23:52 | Queue | Villager (Male) |
| 24:04 | Research | Pikeman (upgrade) |
| 24:18 | Build | Lumber Camp |
| 24:23 | Build | House |
| 24:45 | Build | Gate |
| 24:49 | Build | Stone Wall |
| 24:57 | Research | Bow Saw |
| 24:59 | Build | Farm |
| 25:05 | Queue | Villager (Male) |
| 25:05 | Queue | Villager (Male) |
| 25:08 | Queue | Villager (Male) |
| 25:08 | Queue | Villager (Male) |
| 25:11 | Research | Wheelbarrow |
| 25:34 | Build | Town Center |
| 25:45 | Queue | Spearman |
| 25:52 | Queue | Villager (Male) |
| 26:08 | Queue | Spearman |
| 26:14 | Queue | Villager (Male) |
| 26:14 | Queue | Villager (Male) |
| 26:17 | Research | Town Patrol |
| 26:26 | Queue | Villager (Male) |
| 26:37 | Research | Fletching |
| 26:43 | Build | Farm |
| 26:46 | Build | Farm |
| 26:49 | Queue | Villager (Male) |
| 26:57 | Build | Stone Wall |
| 26:59 | Queue | Villager (Male) |
| 27:05 | Research | Heavy Plow |
| 27:17 | Queue | Villager (Male) |
| 27:20 | Research | Scale Mail Armor |
| 27:26 | Build | House |
| 27:31 | Queue | Villager (Male) |
| 27:38 | Build | Monastery |
| 27:53 | Build | Stone Wall |
| 27:56 | Queue | Villager (Male) |
| 27:59 | Queue | Villager (Male) |
| 28:17 | Build | Farm |
| 28:20 | Build | Farm |
| 28:22 | Build | Farm |
| 28:23 | Queue | Villager (Male) |
| 28:23 | Queue | Villager (Male) |
| 28:28 | Build | Farm |
Build order — Juan22Z
First 150 of 347 actions detected
| 0:15 | Build | Town Center |
| 1:16 | Research | Loom |
| 1:17 | Queue | Villager (Male) |
| 1:17 | Queue | Villager (Male) |
| 1:17 | Queue | Villager (Male) |
| 1:18 | Queue | Villager (Male) |
| 1:18 | Queue | Villager (Male) |
| 2:28 | Queue | Villager (Male) |
| 2:42 | Build | Lumber Camp |
| 2:51 | Queue | Villager (Male) |
| 3:38 | Queue | Villager (Male) |
| 3:55 | Queue | Villager (Male) |
| 4:13 | Build | Mill |
| 4:15 | Queue | Villager (Male) |
| 4:33 | Queue | Villager (Male) |
| 5:12 | Queue | Villager (Male) |
| 5:28 | Build | Mill |
| 5:31 | Build | House |
| 5:38 | Queue | Villager (Male) |
| 6:12 | Queue | Villager (Male) |
| 6:57 | Queue | Villager (Male) |
| 7:30 | Research | Feudal Age |
| 7:30 | Research | Feudal Age |
| 7:48 | Build | Barracks |
| 8:56 | Queue | Villager (Male) |
| 9:02 | Build | House |
| 9:41 | Age | Feudal Age |
| 9:43 | Build | Stable |
| 9:44 | Queue | Villager (Male) |
| 9:52 | Build | House |
| 10:10 | Build | Mining Camp |
| 10:14 | Build | House |
| 10:17 | Queue | Villager (Male) |
| 10:36 | Queue | Scout Cavalry |
| 10:50 | Queue | Villager (Male) |
| 11:06 | Queue | Scout Cavalry |
| 11:09 | Build | Blacksmith |
| 11:21 | Queue | Villager (Male) |
| 11:24 | Research | Double-Bit Axe |
| 11:38 | Build | Palisade Wall |
| 11:45 | Queue | Scout Cavalry |
| 11:51 | Research | Forging |
| 12:02 | Queue | Villager (Male) |
| 12:03 | Queue | Villager (Male) |
| 12:36 | Queue | Villager (Male) |
| 12:43 | Build | Pasture |
| 12:58 | Queue | Villager (Male) |
| 13:04 | Queue | Scout Cavalry |
| 13:08 | Build | Pasture |
| 13:13 | Build | Pasture |
| 13:31 | Build | Pasture |
| 13:53 | Queue | Villager (Male) |
| 13:54 | Queue | Villager (Male) |
| 14:34 | Queue | Villager (Male) |
| 14:48 | Build | Market |
| 14:55 | Queue | Villager (Male) |
| 15:15 | Queue | Villager (Male) |
| 15:22 | Build | Pasture |
| 15:52 | Build | Mill |
| 16:02 | Queue | Villager (Male) |
| 16:09 | Build | House |
| 16:24 | Research | Castle Age |
| 16:28 | Build | Pasture |
| 16:51 | Build | House |
| 16:52 | Build | House |
| 16:57 | Build | Pasture |
| 17:20 | Queue | Scout Cavalry |
| 17:26 | Build | House |
| 17:38 | Build | Pasture |
| 18:03 | Build | House |
| 18:23 | Queue | Scout Cavalry |
| 18:35 | Research | Tech 1014 |
| 19:03 | Build | House |
| 19:07 | Age | Castle Age |
| 19:14 | Build | Town Center |
| 19:18 | Queue | Steppe Lancer |
| 19:19 | Queue | Villager (Male) |
| 19:22 | Queue | Villager (Male) |
| 19:24 | Research | Bow Saw |
| 19:43 | Queue | Villager (Male) |
| 19:46 | Queue | Steppe Lancer |
| 19:48 | Queue | Villager (Male) |
| 19:59 | Research | Iron Casting |
| 20:15 | Build | Palisade Wall |
| 20:19 | Queue | Villager (Male) |
| 20:22 | Queue | Steppe Lancer |
| 20:33 | Queue | Villager (Male) |
| 20:33 | Queue | Villager (Male) |
| 20:50 | Queue | Villager (Male) |
| 20:53 | Research | Wheelbarrow |
| 20:57 | Build | Monastery |
| 21:03 | Build | Stable |
| 21:09 | Queue | Villager (Male) |
| 21:11 | Build | Pasture |
| 21:39 | Queue | Villager (Male) |
| 21:39 | Queue | Villager (Male) |
| 21:45 | Build | House |
| 21:46 | Build | House |
| 21:47 | Build | House |
| 21:51 | Queue | Monk |
| 22:02 | Queue | Steppe Lancer |
| 22:17 | Build | Mill |
| 22:24 | Build | House |
| 22:26 | Queue | Villager (Male) |
| 22:30 | Build | Pasture |
| 22:36 | Build | Mill |
| 22:40 | Queue | Steppe Lancer |
| 22:40 | Queue | Steppe Lancer |
| 22:41 | Queue | Villager (Male) |
| 22:47 | Queue | Monk |
| 23:12 | Build | House |
| 23:19 | Build | Outpost |
| 23:27 | Queue | Steppe Lancer |
| 23:28 | Queue | Steppe Lancer |
| 23:32 | Build | Pasture |
| 23:33 | Queue | Villager (Male) |
| 23:59 | Build | Archery Range |
| 24:03 | Queue | Villager (Male) |
| 24:03 | Queue | Villager (Male) |
| 24:10 | Build | Town Center |
| 24:12 | Queue | Villager (Male) |
| 24:18 | Queue | Villager (Male) |
| 24:24 | Queue | Steppe Lancer |
| 24:24 | Queue | Steppe Lancer |
| 24:26 | Queue | Villager (Male) |
| 24:49 | Queue | Villager (Male) |
| 24:52 | Queue | Steppe Lancer |
| 24:53 | Queue | Steppe Lancer |
| 24:54 | Queue | Villager (Male) |
| 25:17 | Queue | Villager (Male) |
| 25:18 | Queue | Villager (Male) |
| 25:53 | Research | Scale Barding Armor |
| 26:09 | Queue | Villager (Male) |
| 26:09 | Queue | Villager (Male) |
| 26:10 | Queue | Villager (Male) |
| 26:10 | Queue | Villager (Male) |
| 26:16 | Build | Pasture |
| 26:18 | Build | Pasture |
| 26:19 | Queue | Villager (Male) |
| 26:24 | Queue | Skirmisher |
| 26:25 | Queue | Skirmisher |
| 26:28 | Build | Archery Range |
| 26:36 | Queue | Villager (Male) |
| 26:37 | Queue | Villager (Male) |
| 26:40 | Build | House |
| 26:41 | Build | House |
| 26:43 | Build | House |
| 26:47 | Queue | Villager (Male) |
| 26:52 | Queue | Villager (Male) |
| 27:10 | Queue | Monk |
Match timeline
| 7:48 | Juan22Z · first_building Barracks |
| 9:41 | Juan22Z · age_up feudal |
| 9:43 | Juan22Z · first_building Stable |
| 9:54 | YAMATO · age_up feudal |
| 11:37 | YAMATO · first_building Barracks |
| 11:38 | Juan22Z · wall_segment Palisade Wall x8 |
| 15:53 | YAMATO · age_up castle |
| 16:11 | Juan22Z · first_market_buy 100 food |
| 16:17 | Juan22Z · first_market_sell 100 stone |
| 17:53 | YAMATO · first_market_buy 100 wood |
| 19:07 | Juan22Z · age_up castle |
| 19:50 | YAMATO · first_building Castle |
| 20:15 | Juan22Z · wall_segment Palisade Wall x7 |
| 20:57 | Juan22Z · first_building Monastery |
| 21:34 | YAMATO · wall_segment Stone Wall x7 |
| 23:59 | Juan22Z · first_building Archery Range |
| 24:49 | YAMATO · wall_segment Stone Wall x3 |
| 26:57 | YAMATO · wall_segment Stone Wall x6 |
| 27:38 | YAMATO · first_building Monastery |
| 27:39 | Juan22Z · first_building Castle |
| 27:53 | YAMATO · wall_segment Stone Wall x10 |
| 30:37 | YAMATO · first_market_sell 500 wood |
| 30:52 | YAMATO · wall_segment Stone Wall x4 |
| 31:00 | YAMATO · first_building Siege Workshop |
| 31:21 | YAMATO · wall_segment Stone Wall x4 |
| 32:07 | YAMATO · wall_segment Stone Wall x1 |
| 33:13 | YAMATO · wall_segment Stone Wall x5 |
| 33:52 | YAMATO · age_up imperial |
| 34:42 | YAMATO · first_building Stable |
| 35:52 | Juan22Z · age_up imperial |
| 44:19 | YAMATO · resign |
[ AI ANALYSIS · 1 CREDIT ]
What really happened in this match?
Wolo.gg analyzes every decision: build order, eco, micro, common mistakes by bracket. Personalized analysis on WhatsApp or Discord in 30 seconds.
Civ guide
Teutons
Perfil
Jugador #2026727